 Dungeon Crawl Stone Soup version 0.29-a0-233-g1125b37a9b (webtiles) character file.

Game seed: 9408246902728349458

207 croobank the Chopper (level 5, -1/47 HPs)
             Began as a Gnoll Cinder Acolyte on Mar 2, 2022.
             Was an Elder of Ignis.
             Killed by divine providence
             ... invoked by an orc priest
              (17 damage)
             ... on level 4 of the Dungeon.
             The game lasted 00:12:32 (3203 turns).

croobank the Chopper (Gnoll Cinder Acolyte)         Turns: 3203, Time: 00:12:33

Health: -1/47      AC:  6    Str: 13    XL:     5   Next: 85%
Magic:  2/9        EV: 10    Int: 14    God:    Ignis [****..]
Gold:   45         SH:  0    Dex:  9    Spells: 8/10 levels left

rFire   + . .      SeeInvis .   a - +1 hand axe (flame)
rCold   . . .      Faith    .   (no shield)
rNeg    . . .      Spirit   .   j - +0 ring mail
rPois   .          Reflect  .   (no helmet)
rElec   .          Harm     .   (no cloak)
rCorr   .          Rampage  .   u - +0 pair of gloves
Will    .....                   (no boots)
Stlth   +.........              (no amulet)
HPRegen 0.15/turn               (no ring)
MPRegen 0.11/turn               (no ring)

@: no status effects
A: fangs 1, strong nose, distributed training
a: Renounce Religion, Fiery Armour, Foxfire Swarm, Rising Flame


You were on level 4 of the Dungeon.
You worshipped Ignis.
Ignis was greatly pleased with you.
You visited 1 branch of the dungeon, and saw 4 of its levels.

You collected 135 gold pieces.
You spent 90 gold pieces at shops.

Inventory:

Hand Weapons
 a - a +1 hand axe of flaming (weapon)
 b - a +0 hunting sling
 o - a +0 rapier of freezing
 w - a +1 morningstar of protection
Missiles
 i - 45 stones
 k - 6 atropa-tipped darts (quivered)
Armour
 c - a +0 robe
 g - a +0 chain mail
 j - a +0 ring mail (worn)
 l - a +0 buckler
 n - a +0 leather armour
 u - a +0 pair of gloves (worn)
Wands
 m - a wand of iceblast (3)
Scrolls
 q - 2 scrolls of identify {unknown}
 r - 2 scrolls of vulnerability {unknown}
 v - a scroll of enchant armour {unknown}
Potions
 d - a potion of haste {unknown}
 e - a potion of cancellation {unknown}
 f - 4 potions of curing {unknown}
 h - 2 potions of attraction {unknown}
 p - a potion of mutation {unknown}
 s - a potion of might
 t - a potion of heal wounds


   Skills:
 + Level 6.7 Fighting
 + Level 1.6 Short Blades
 + Level 1.6 Long Blades
 + Level 6.7 Axes
 + Level 1.6 Maces & Flails
 + Level 1.6 Polearms
 + Level 1.6 Staves
 + Level 1.6 Slings
 + Level 1.6 Bows
 + Level 1.6 Crossbows
 + Level 1.6 Throwing
 + Level 1.6 Armour
 + Level 1.6 Dodging
 + Level 1.6 Stealth
 + Level 1.6 Shields
 + Level 1.6 Unarmed Combat
 + Level 3.2 Spellcasting
 + Level 1.3 Conjurations
 + Level 1.3 Hexes
 + Level 1.3 Summonings
 + Level 1.3 Necromancy
 + Level 1.3 Translocations
 + Level 1.3 Transmutations
 + Level 5.6 Fire Magic
 + Level 1.3 Ice Magic
 + Level 1.3 Air Magic
 + Level 1.3 Earth Magic
 + Level 1.3 Poison Magic
 + Level 1.9 Invocations
 + Level 1.6 Evocations


You had 8 spell levels left.
You knew the following spells:

 Your Spells              Type           Power      Damage    Failure   Level
a - Scorch                Fire           36%        2d6       7%          2

Your spell library contained the following spells:

 Spells                   Type           Power      Damage    Failure   Level


Dungeon Overview and Level Annotations

Branches:
Dungeon (4/15)
 Temple: D:4-7

Altars:
The Shining One

Shops:
D:3 !


Innate Abilities, Weirdness & Mutations

You have very sharp teeth.
Your uncanny sense of smell can sniff out nearby items.
Your experience applies equally to all skills.


Message History

You hit the orc priest. You burn the orc priest.
The orc priest is heavily wounded.
You hit the orc priest. You burn the orc priest.
The orc priest barely misses you. The orc priest completely misses you.
You completely miss the orc priest.
The orc priest is heavily wounded.
You barely miss the orc priest. The orc priest hits you with a +0 club.
The orc priest hits you but does no damage.
You hit the orc priest. You burn the orc priest.
The orc priest is severely wounded.
You hit the orc priest. You burn the orc priest.
The orc priest barely misses you.
The orc priest hits you with a +0 short sword.
You barely miss the orc priest.
The orc priest is severely wounded.
You closely miss the orc priest.
The orc priest mumbles some strange prayers to Beogh against you.
Pain shoots through your body!
The orc priest hits you but does no damage.
Casting: Scorch (safe; 7% risk of failure)
Confirm with . or Enter, or press ? or * to list all spells.
Flames lash the orc priest.
The orc priest is almost dead.
The orc priest's fire resistance burns away.
The orc priest closely misses you.
The orc priest invokes the aid of Beogh against you.
Beogh smites you!
You barely miss the orc priest.
The orc priest is almost dead.
You barely miss the orc priest.
The orc priest calls upon Beogh to heal the orc priest.
The orc priest is healed somewhat.
The orc priest calls upon Beogh to heal the orc priest.
The orc priest is healed somewhat.
Activating: Foxfire Swarm
Press: ? - help, Dir - look around, f - activate Flames leap up around you!
The orc priest completely misses you.
The orc priest mumbles some strange prayers to Beogh against you.
Beogh smites you!
You die...

######### ∆
#vvv##..##+##
#ovv........#
#@ov........#
+vvv........#
#vvv........#
#..###...####
#..###...####.#
....#...........
.....#...........
......#..........[
......#...........


You could see 2 orc priests.

Vanquished Creatures
  A scorpion (D:2)
  An orc priest (D:3)
  Ijyb (D:3)
  2 adders
  A worm (D:2)
  2 dart slugs (D:1)
  13 orcs
  9 ball pythons
  4 bats
  5 endoplasms
  A giant cockroach (D:3)
  3 goblins
  6 hobgoblins
  A kobold (D:3)
  5 frilled lizards
  4 rats
59 creatures vanquished.

Vanquished Creatures (others)
  8 foxfires (D:4)
8 creatures vanquished.

Grand Total: 67 creatures vanquished

Notes
Turn   | Place    | Note
-------+----------+-------------------------------------------
     0 | D:1      | croobank the Gnoll Cinder Acolyte began the quest for the
                  | Orb.
     0 | D:1      | Reached XP level 1. HP: 23/23 MP: 4/4
   228 | D:1      | Reached XP level 2. HP: 13/29 MP: 5/5
   231 | D:1      | Learned a level 2 spell: Scorch
   793 | D:1      | Reached XP level 3. HP: 34/35 MP: 1/7
  1008 | D:2      | Noticed a scorpion
  1028 | D:1      | Reached skill level 1 in Invocations
  1459 | D:2      | Killed a scorpion
  1460 | D:2      | Reached skill level 1 in Short Blades
  1460 | D:2      | Reached skill level 1 in Long Blades
  1460 | D:2      | Reached skill level 1 in Maces & Flails
  1460 | D:2      | Reached skill level 1 in Polearms
  1460 | D:2      | Reached skill level 1 in Staves
  1460 | D:2      | Reached skill level 1 in Slings
  1460 | D:2      | Reached skill level 1 in Bows
  1460 | D:2      | Reached skill level 1 in Crossbows
  1460 | D:2      | Reached skill level 1 in Throwing
  1460 | D:2      | Reached skill level 1 in Armour
  1460 | D:2      | Reached skill level 1 in Dodging
  1460 | D:2      | Reached skill level 1 in Stealth
  1460 | D:2      | Reached skill level 1 in Shields
  1460 | D:2      | Reached skill level 1 in Unarmed Combat
  1460 | D:2      | Reached skill level 1 in Conjurations
  1460 | D:2      | Reached skill level 1 in Hexes
  1460 | D:2      | Reached skill level 1 in Summonings
  1460 | D:2      | Reached skill level 1 in Necromancy
  1460 | D:2      | Reached skill level 1 in Translocations
  1460 | D:2      | Reached skill level 1 in Transmutations
  1460 | D:2      | Reached skill level 1 in Ice Magic
  1460 | D:2      | Reached skill level 1 in Air Magic
  1460 | D:2      | Reached skill level 1 in Earth Magic
  1460 | D:2      | Reached skill level 1 in Poison Magic
  1460 | D:2      | Reached skill level 1 in Evocations
  1460 | D:2      | Reached XP level 4. HP: 31/41 MP: 3/8
  1842 | D:3      | Noticed Ijyb
  1843 | D:3      | Found a glowing golden altar of the Shining One.
  1848 | D:3      | Killed Ijyb
  1849 | D:3      | Reached XP level 5. HP: 23/47 MP: 2/9
  2128 | D:3      | Found a faded altar of an unknown god.
  2648 | D:3      | Found Xomumoac's Distillery.
  2653 | D:3      | Bought a potion of might for 40 gold pieces
  2653 | D:3      | Bought a potion of heal wounds for 50 gold pieces
  3203 | D:4      | Killed from afar by an orc priest

Illustrated notes

Levels and vault maps discovered:
D:1:      matt_arrival_spirals, layout_rooms, nrook_uturn,
          minmay_large_rounded_square
D:2:      layout_basic
D:3:      kennysheep_big_flooded_room, layout_basic,
          mainiacjoe_overflow_chevrons, serial_shops, nicolae_shop_hallway_plus,
          basic_ecumenical_altar, uniq_ijyb
D:4:      layout_gridville, hangedman_ru_absence, xom_butterflies,
          nemelex_diamond_rough_becter

Skill      XL: |  1  2  3 |
---------------+----------+-----
Invocations    | 1 |  1.9
Short Blades   | 1 |  1.6
Long Blades    | 1 |  1.6
Maces & Flails | 1 |  1.6
Polearms       | 1 |  1.6
Staves         | 1 |  1.6
Slings         | 1 |  1.6
Bows           | 1 |  1.6
Crossbows      | 1 |  1.6
Throwing       | 1 |  1.6
Armour         | 1 |  1.6
Dodging        | 1 |  1.6
Stealth        | 1 |  1.6
Shields        | 1 |  1.6
Unarmed Combat | 1 |  1.6
Spellcasting   | 3 |  3.2
Conjurations   | 1 |  1.3
Hexes          | 1 |  1.3
Summonings     | 1 |  1.3
Necromancy     | 1 |  1.3
Translocations | 1 |  1.3
Transmutations | 1 |  1.3
Ice Magic      | 1 |  1.3
Air Magic      | 1 |  1.3
Earth Magic    | 1 |  1.3
Poison Magic   | 1 |  1.3
Evocations     | 1 |  1.6
Fighting       | |  6.7
Axes           | |  6.7
Fire Magic     | |  5.6

Action                   |  1- 3 |  4- 6 || total
-------------------------+-------+-------++-------
Melee: Hand axe          |    46 |    51 ||    97
       Bite              |     4 |     2 ||     6
       Punch             |     2 |     2 ||     4
 Cast: Scorch            |    20 |    30 ||    50
Invok: Foxfire Swarm     |       |     3 ||     3
  Use: Scroll            |     2 |     2 ||     4
Armor: Robe              |    12 |       ||    12
       Ring mail         |     1 |    21 ||    22
Dodge: Dodged            |    30 |    35 ||    65

Table legend: (Time is in decaauts)
 A = Elapsed time spent in this place.
 B = Non-inter-level travel time spent in this place.
 C = Inter-level travel time spent in this place.
 D = Time resting spent in this place.
 E = Time spent auto-exploring this place.
 F = Levels seen in this place.
 G = Mean time per level.
                   A        B        C        D        E       F      G
               +--------+--------+--------+--------+--------+-----+--------+
         Total |   3202 |   3166 |     36 |    764 |   1754 |   4 |  800.5 |
       Dungeon |   3202 |   3166 |     36 |    764 |   1754 |   4 |  800.5 |
               +--------+--------+--------+--------+--------+-----+--------+

Top non-repeatable levels by time:
     D:3: 1126 daAuts
     D:1: 1094 daAuts
     D:2: 737 daAuts
     D:4: 244 daAuts
